Map: Nightscape LE

Players

ZytchiX

  • Race: Protoss Protoss
  • Spawn Location: 1:00

ohweog

  • Race: Zerg Zerg
  • League: Diamond
  • Spawn Location: 1:00

qqq - Winner!

  • Race: Zerg Zerg
  • Spawn Location: 7:00

Massa - Winner!

  • Race: Terran Terran
  • League: Platinum
  • Spawn Location: 7:00

VOD

Have the link to the VOD?

Description

Time

  • Played on: Feb. 25, 2021, 3:39 p.m.
  • Length: 15:45
Show
View Real Time Build Order
Export as new Build Order

ZytchiX Protoss 

Build Orders: Cannon Rush 

Get SALT Encoding   

  12  0:00  Probe  
  13  0:12  Probe  
  14  0:17  Pylon  
  14  0:25  Probe  
  15  0:36  Forge  
  15  0:43  Probe  
  16  0:57  Pylon  
  16  1:04  Pylon  
  16  1:16  Photon Cannon  
  16  1:20  Pylon  
  15  1:30  Photon Cannon  
  15  1:39  Photon Cannon  
  15  1:42  Pylon  
  15  2:01  Probe  
  16  2:07  Pylon  
  16  2:11  Pylon  
  16  2:18  Pylon  
  16  2:27  Photon Cannon  
  16  2:29  Photon Cannon  
  15  2:34  Probe  
  15  2:37  Pylon  
  15  2:48  Probe  
  16  2:53  Gateway  
  16  3:00  Probe  
  16  3:02  Photon Cannon  
  17  3:10  Assimilator  
  17  3:32  Photon Cannon  
  17  3:37  Probe (Chrono Boost)  
  18  3:46  Probe (Chrono Boost)  
  19  3:50  Photon Cannon  
  19  3:51  Probe (Chrono Boost)  
  20  4:01  Cybernetics Core  
  20  4:04  Photon Cannon  
  20  4:24  Photon Cannon  
  20  4:27  Photon Cannon  
  20  4:34  Probe, Pylon  
  20  4:36  Assimilator  
  21  4:46  Probe  
  21  4:52  Pylon  
  22  5:11  Stargate  
  22  5:18  Probe  
  23  5:25  Stargate  
  23  5:36  Stargate  
  23  5:39  Stargate  
  23  5:43  Photon Cannon  
  23  5:47  Probe  
  24  6:03  Nexus  
  24  6:05  Pylon  
  24  6:19  Stalker  
  24  6:20  Void Ray (Chrono Boost)  
  34  6:41  Void Ray (Chrono Boost)  
  34  6:50  Void Ray (Chrono Boost)  
  34  6:53  Photon Cannon  
  38  7:06  Shield Battery  
  38  7:20  Photon Cannon  
  28  7:47  Photon Cannon  
  28  7:51  Photon Cannon  
  28  7:54  Gateway  
  28  7:55  Gateway  
  28  7:59  Gateway  
  24  8:16  Assimilator  
  24  8:19  Pylon  
  24  8:30  Robotics Facility  
  24  8:33  Stargate  
  24  8:53  Twilight Council  
  24  8:55  Probe  
  25  8:56  Probe  
  25  9:01  Stalker (Chrono Boost)  
  28  9:07  Probe  
  28  9:08  Probe  
  30  9:14  Stalker (Chrono Boost)  
  36  9:30  Stalker x2 (Chrono Boost)  
  34  9:34  Stalker (Chrono Boost)  
  36  10:03  Probe  
  37  10:07  Dark Shrine, Warp Gate (Chrono Boost)  
  37  10:09  Probe, Assimilator  
  37  10:10  Stalker  
  40  10:15  Probe  
  42  10:21  Probe  
  42  10:22  Blink (Chrono Boost)  
  42  10:27  Probe  
  43  10:32  Protoss Ground Weapons Level 1  
  43  10:33  Probe  
  44  10:39  Probe  
  45  10:54  Pylon, Stalker  
  47  11:13  Pylon  
  47  11:15  Probe x2  
  49  11:19  Photon Cannon  
  49  11:28  Probe  
  50  11:34  Dark Templar x3  
  50  11:35  Dark Templar  
  58  11:40  Probe  
  58  11:42  Pylon  
  53  12:29  Dark Templar x4  
  59  12:32  Protoss Ground Weapons Level 2 (Chrono Boost)  
  59  12:42  Archon  
  59  12:43  Archon  
  57  13:02  Gateway x2  
  57  13:07  Dark Templar x4  
  65  13:19  Archon x2  
  65  13:37  Dark Templar x4  
  73  13:49  Photon Cannon  
  73  13:51  Pylon  
  73  13:53  Photon Cannon  
  65  14:01  Dark Templar x2  
  67  14:16  Dark Templar  
  26  15:21  Zealot x3  
  26  15:24  Probe  
Show
View Real Time Build Order
Export as new Build Order

ohweog Zerg 

Build Orders: 1 Base Baneling Bust, Pool First, Zergling Baneling 

Get SALT Encoding   

  12  0:18  Spawning Pool  
  12  0:20  Extractor  
  10  0:24  Drone  
  11  0:29  Drone  
  11  0:35  Drone  
  13  0:44  Overlord  
  13  0:52  Drone  
  14  1:02  Drone  
  15  1:10  Queen  
  17  1:15  Zergling x2  
  18  1:20  Zergling x2  
  19  1:28  Zergling x2  
  20  1:33  Metabolic Boost  
  20  1:45  Zergling x2  
  21  1:55  Zergling x2  
  22  2:11  Overlord  
  22  2:28  Overlord  
  22  2:36  Zergling x2  
  22  2:37  Zergling x2  
  23  2:46  Zergling x2  
  23  2:47  Baneling Nest  
  22  2:55  Zergling x2  
  21  3:08  Zergling x2  
  22  3:21  Zergling x6  
  25  3:28  Zergling x2  
  24  3:44  Zergling x2  
  24  3:48  Zergling x6  
  25  4:00  Zergling x2  
  25  4:12  Zergling x2  
  24  4:30  Zergling x6  
  26  4:48  Zergling x2  
  26  4:51  Zergling x2  
  26  4:55  Baneling x11  
  26  5:04  Zergling x2  
  19  5:46  Zergling x10  
  19  5:47  Zergling x2  
  19  5:48  Hatchery  
  24  5:51  Zergling x2  
  24  5:56  Baneling x6  
  25  5:59  Hatchery  
  25  6:02  Zergling x2  
  25  6:10  Zergling x2  
  26  6:11  Zergling x4  
  25  6:41  Drone  
  25  6:42  Drone x4  
  30  6:54  Drone x2  
  30  7:00  Drone  
  33  7:05  Drone  
  25  7:34  Zergling x8  
  25  7:35  Zergling x10  
  25  7:37  Zergling x2  
  33  7:54  Baneling x4  
  33  7:56  Baneling  
  33  7:57  Baneling x3  
  33  8:00  Zergling x4  
  33  8:01  Zergling x2  
  33  8:03  Zergling x2  
  37  8:18  Drone x2  
  36  8:24  Zergling x8  
  39  8:32  Zergling x6  
  42  8:38  Zergling x4  
  34  8:49  Zergling x8  
  33  9:02  Zergling x8  
  34  9:08  Baneling x4  
  34  9:09  Zergling x2  
  33  9:15  Baneling x3  
  33  9:19  Zergling x2  
  33  9:20  Zergling x2  
  33  9:22  Baneling  
  33  9:23  Baneling  
  29  9:38  Zergling x6  
  29  9:39  Zergling x2  
  29  9:45  Zergling x6  
  34  9:53  Zergling x4  
  34  9:55  Zergling x2  
  36  10:00  Zergling x2  
  36  10:04  Zergling x2  
  38  10:35  Hatchery  
  32  10:42  Overlord  
  29  10:54  Zergling x2  
  29  10:55  Zergling x10  
  29  11:10  Zergling x2  
  29  11:11  Zergling x2  
  31  11:23  Zergling x4  
  33  11:34  Lair  
  33  11:41  Baneling x3  
  33  11:42  Baneling x5  
  33  11:43  Baneling  
  31  12:04  Zergling x4  
  31  12:05  Zergling x4  
  29  12:13  Zergling x2  
  30  12:24  Zergling x2  
  30  12:25  Zergling x4  
  33  12:37  Baneling x4  
  32  13:12  Zergling x8  
  30  13:13  Zergling x10  
  30  13:16  Baneling x3  
  30  13:17  Baneling x3  
  35  13:22  Zergling x2  
  35  13:24  Drone  
  35  13:25  Drone  
  20  14:05  Zergling x6  
  20  14:06  Zergling x10  
  23  14:12  Zergling x2  
  24  14:29  Baneling x11  
  24  14:35  Zergling x2  
  25  14:41  Zergling x2  
  26  14:51  Zergling x2  
  27  15:01  Zergling x2  
  27  15:02  Zergling x2  
  29  15:09  Zergling x2  
  18  15:23  Zergling x2  
Show
View Real Time Build Order
Export as new Build Order

qqq Zerg - Winner!

Build Orders: Hatch First, Lurkers 

Get SALT Encoding   

  12  0:02  Drone  
  13  0:11  Drone  
  14  0:18  Overlord  
  14  0:48  Hatchery  
  13  0:50  Drone  
  13  0:52  Drone  
  15  1:12  Drone  
  15  1:13  Drone x2  
  18  1:50  Drone x2  
  20  2:08  Drone  
  20  2:09  Drone, Spawning Pool  
  21  2:17  Drone  
  21  2:20  Drone x2  
  23  2:43  Drone x2  
  22  2:56  Zergling x4  
  22  2:57  Queen  
  22  2:58  Queen  
  24  3:01  Zergling x2  
  27  3:05  Zergling x2  
  27  3:12  Extractor  
  27  3:14  Zergling x2  
  27  3:31  Zergling x2  
  26  3:48  Zergling x6  
  26  3:53  Hatchery  
  24  3:56  Zergling x4  
  24  3:57  Zergling x2  
  27  4:03  Zergling x2  
  27  4:09  Zergling x2  
  28  4:12  Overlord  
  27  4:24  Zergling x2  
  24  4:39  Zergling x12  
  24  4:45  Extractor  
  28  4:52  Metabolic Boost  
  28  4:55  Drone x2, Baneling Nest  
  28  4:56  Drone  
  30  5:12  Zergling x4  
  30  5:13  Drone  
  33  5:20  Drone x2  
  35  5:24  Zergling x2  
  36  5:41  Drone, Spore Crawler  
  36  5:43  Overlord  
  36  5:46  Overlord  
  36  5:51  Baneling x3  
  36  6:00  Baneling x2  
  36  6:03  Drone x2  
  38  6:18  Zergling x4  
  38  6:19  Zergling x6  
  43  6:30  Lair  
  43  6:46  Zergling x10  
  48  6:50  Baneling  
  48  6:51  Baneling x3  
  48  6:55  Baneling x2  
  48  6:56  Baneling  
  48  7:05  Zergling x4  
  48  7:06  Zergling x2  
  51  7:09  Zergling x2  
  40  7:32  Zergling x8  
  40  7:33  Zergling x2  
  42  7:40  Zergling x2  
  42  7:44  Queen  
  41  7:50  Zergling x2  
  43  7:51  Overlord  
  43  8:08  Baneling x4  
  43  8:09  Baneling  
  43  8:14  Hatchery  
  43  8:18  Drone  
  43  8:19  Drone  
  44  8:31  Drone x3  
  44  8:32  Drone  
  35  8:53  Zergling x6  
  35  8:54  Zergling x6  
  40  9:05  Zergling x6  
  40  9:06  Drone  
  43  9:15  Zergling x2  
  43  9:16  Zergling x4  
  46  9:31  Evolution Chamber  
  42  9:55  Drone x5  
  42  9:56  Drone x4  
  44  10:07  Hydralisk Den  
  44  10:09  Drone x2  
  44  10:11  Zerg Missile Weapons Level 1  
  45  10:15  Drone x2  
  45  10:17  Extractor  
  45  10:19  Extractor  
  45  10:20  Zergling x2  
  46  10:23  Baneling x2  
  46  10:24  Baneling  
  46  10:25  Baneling  
  43  10:49  Zergling x6  
  47  10:50  Hydralisk x2, Zergling x4  
  51  11:03  Baneling x2  
  48  11:05  Zergling x6  
  51  11:11  Lurker Den, Evolution Chamber  
  51  11:16  Drone x2  
  51  11:17  Drone  
  52  11:23  Hydralisk  
  54  11:27  Hydralisk  
  56  11:40  Infestation Pit  
  56  11:42  Zerg Ground Armor Level 1  
  56  11:46  Hydralisk  
  43  12:12  Overseer  
  43  12:13  Pneumatized Carapace  
  37  12:20  Drone x4  
  37  12:21  Drone  
  37  12:30  Hydralisk, Zergling x4  
  41  12:44  Drone x2  
  41  12:45  Drone  
  41  12:46  Spore Crawler  
  41  12:48  Lurker  
  41  12:49  Lurker  
  45  12:53  Drone  
  40  13:13  Spine Crawler  
  40  13:14  Spine Crawler  
  40  13:18  Lurker  
  40  13:19  Lurker  
  40  13:21  Drone  
  40  13:25  Drone  
  42  13:30  Drone  
  43  13:35  Drone  
  44  13:46  Spore Crawler  
  44  13:48  Drone x2  
  40  14:07  Spine Crawler  
  34  14:12  Hydralisk  
  34  14:13  Drone  
  33  14:57  Drone x5  
  33  14:58  Drone  
  33  15:18  Drone x3  
  36  15:32  Drone x3  
Show
View Real Time Build Order
Export as new Build Order

Massa Terran - Winner!

Build Orders:  

Get SALT Encoding   

  12  0:00  SCV  
  13  0:12  SCV  
  14  0:22  Supply Depot  
  14  0:24  SCV  
  15  0:40  Refinery  
  15  0:43  SCV  
  16  0:50  Barracks  
  16  1:04  Barracks  
  16  1:37  SCV  
  17  1:46  Reaper  
  18  1:49  SCV  
  18  2:14  Reaper  
  19  2:32  Marine  
  19  2:48  Marine  
  17  3:05  Marine  
  18  3:14  Orbital Command  
  18  3:15  Supply Depot  
  18  3:34  Supply Depot  
  18  3:35  Supply Depot  
  18  3:36  Reaper, Supply Depot  
  19  3:49  Marine  
  20  4:07  Marine  
  20  4:08  Marine  
  19  4:25  Reaper  
  19  4:26  Reaper  
  19  4:29  Factory  
  21  4:33  Bunker  
  21  4:45  SCV  
  22  4:57  Marine  
  22  4:58  SCV, Marine  
  25  5:03  Bunker  
  25  5:13  Factory Tech Lab, Barracks  
  25  5:19  Engineering Bay  
  25  5:20  Barracks  
  25  5:21  Marine x2  
  21  5:39  Marine, Siege Tank  
  21  5:40  Marine  
  26  5:45  Bunker  
  26  5:50  Missile Turret  
  26  5:57  Marine  
  26  5:58  Marine  
  26  6:00  Supply Depot  
  26  6:02  SCV  
  26  6:03  Refinery  
  29  6:05  Marine  
  30  6:14  SCV, Marine  
  30  6:15  Marine  
  33  6:23  Widow Mine  
  33  6:24  Marine x2  
  37  6:26  SCV  
  37  6:32  Marine  
  38  6:33  Marine  
  38  6:38  SCV  
  41  6:42  Barracks Tech Lab  
  41  7:04  Siege Tank  
  41  7:11  Marine  
  41  7:12  Marine x3  
  43  7:36  Widow Mine  
  42  8:09  Siege Tank  
  45  8:17  SCV  
  46  8:20  Barracks Reactor  
  46  8:22  Marine x3  
  46  8:25  Command Center  
  46  8:26  Stimpack  
  49  8:29  SCV  
  50  8:40  Marine x2  
  52  8:58  Siege Tank  
  52  9:01  Marine  
  55  9:17  Marine  
  55  9:20  Marauder  
  36  9:39  Marine x4  
  36  9:41  Marauder  
  39  9:50  Orbital Command  
  39  9:51  SCV  
  39  9:57  Marine x4, Siege Tank  
  46  10:03  SCV, Marauder  
  49  10:15  SCV  
  49  10:16  Missile Turret  
  49  10:19  Missile Turret  
  49  10:20  Marine x4  
  54  10:24  Marauder  
  54  10:27  SCV  
  57  10:29  Widow Mine  
  57  10:30  Supply Depot  
  59  10:37  Marine  
  59  10:38  Marine x2  
  62  10:46  Marauder  
  61  10:50  Siege Tank  
  61  10:51  Marine  
  61  10:54  Combat Shield  
  65  11:06  SCV x2  
  65  11:07  Marauder  
  69  11:11  Command Center  
  69  11:12  Marine x4  
  69  11:18  SCV x2  
  75  11:21  Starport  
  75  11:28  Marauder  
  75  11:29  Marine  
  78  11:37  Supply Depot  
  78  11:51  Barracks Tech Lab  
  78  11:58  Marine x2  
  78  11:59  SCV x2, Marauder  
  84  12:02  Refinery  
  76  12:11  SCV x2  
  74  12:20  Marauder  
  71  12:23  SCV x2  
  71  12:35  SCV  
  71  12:36  SCV x2  
  74  12:41  Medivac  
  76  12:45  Marine x2  
  76  12:46  Marine x2  
  76  12:47  SCV  
  76  12:48  SCV x2  
  76  12:49  Refinery  
  83  12:59  SCV  
  83  13:00  SCV  
  83  13:01  Barracks Reactor  
  85  13:11  SCV, Medivac  
  88  13:27  Marine  
  88  13:28  SCV x3, Marauder x2  
  96  13:40  SCV x3  
  99  13:52  SCV  
  98  13:59  Marauder x2, Marine x2  
  98  14:00  Marine x2  
  91  14:17  Marine x3  
  91  14:20  Marauder x2  
  85  14:25  Marine  
  85  14:26  Siege Tank  
  84  14:35  Marine x3  
  83  14:41  Marauder x2  
  84  14:57  SCV x2  
  85  15:01  Marine x4  
  85  15:03  Marauder x2  
  89  15:09  SCV  
  79  15:19  Marine x2  
Tags
 
Add a new tag
Caveats
  • Supply blocks, unpowered buildings, or Contaminate may cause inaccurate times.
  • Supply counts are checked every 10 seconds.